 Dungeon Crawl Stone Soup version 0.30-a0-5-g3a90980b9d (webtiles) character file.

Game seed: 4583346427737776666

176182 Plasmagod the Warrior (level 17, -1/170 HPs)
             Began as a Minotaur Monk on Aug 22, 2022.
             Was the Champion of Lugonu.
             Slain by a salamander
             ... wielding a +0 trident
              (9 damage)
             ... on level 4 of the Snake Pit.
             The game lasted 01:40:21 (28054 turns).

Plasmagod the Warrior (Minotaur Monk)              Turns: 28054, Time: 01:40:21

Health: -1/170     AC: 21    Str: 23    XL:     17   Next: 50%
Magic:  0/37       EV: 17    Int:  7    God:    Lugonu [******]
Gold:   1840       SH:  0    Dex: 12    Spells: 16/16 levels left

rFire   + . .      SeeInvis .    y - +9 lajatang (distort)
rCold   . . .      Faith    .    (shield currently unavailable)
rNeg    . . .      Spirit   +    W - +1 chain mail {rF+}
rPois   +          Reflect  .    Q - +2 hat of the Bear Spirit {Spirit, *Rage Will++}
rElec   +          Harm     .    l - scarf {shadows}
rCorr   .          Rampage  .    A - +0 pair of gloves
Will    +++..      Rage     20%  R - +2 pair of boots
Stlth   ..........               b - amulet of regeneration
HPRegen 1.18/turn                s - +4 ring of evasion
MPRegen 0.25/turn                a - ring "Fiogibru" {rElec rPois MP+9 Dex-2}

@: weakened, on berserk cooldown, slowed, studying Unarmed Combat, very slow
A: horns 2, retaliatory headbutt
a: Renounce Religion, Depart the Abyss, Bend Space, Banish, Corrupt, Enter the
Abyss


You were on level 4 of the Snake Pit.
You worshipped Lugonu.
Lugonu was exalted by your worship.
You visited 5 branches of the dungeon, and saw 27 of its levels.
You also visited: Ice Cave.

You collected 3092 gold pieces.
You spent 1252 gold pieces at shops.

Inventory:

Hand Weapons
 y - a +9 lajatang of distortion (weapon)
Missiles
 K - 4 throwing nets (quivered)
Armour
 l - a scarf of shadows (worn)
 A - a +0 pair of gloves (worn)
 Q - the +2 hat of the Bear Spirit (worn) {Spirit, *Rage Will++}
   (You bought it in a shop on level 2 of the Orcish Mines)

   Going berserk makes the wearer tougher, and they're slowed less afterward.
   *Rage:     It berserks you when you make melee attacks (+20% chance).
   Will:      It greatly increases your willpower.
 R - a +2 pair of boots (worn)
 W - a +1 chain mail of fire resistance (worn)
Jewellery
 a - the ring "Fiogibru" (right hand) {rElec rPois MP+9 Dex-2}
   (You acquired it on level 15 of the Dungeon)

   [ring of magical power]

   Dex:       It affects your dexterity (-2).
   rElec:     It insulates you from electricity.
   rPois:     It protects you from poison.
   MP:        It affects your magic capacity (+9).
 b - an amulet of regeneration (around neck)
 j - a ring of fire
 s - a +4 ring of evasion (left hand)
 t - a ring of ice
 v - a ring of protection from fire
 L - a ring of willpower
 O - an amulet of reflection
Wands
 g - a wand of digging (7)
 B - a wand of flame (51)
 D - a wand of acid (16)
 G - a wand of polymorph (14)
 H - a wand of mindburst (14)
 T - a wand of charming (8)
 X - a wand of iceblast (5)
Scrolls
 e - 13 scrolls of identify
 i - 14 scrolls of teleportation
 m - 4 scrolls of brand weapon
 p - 4 scrolls of enchant armour
 r - 7 scrolls of poison
 u - 5 scrolls of amnesia
 x - 6 scrolls of magic mapping
 C - 4 scrolls of butterflies
 M - 5 scrolls of noise
 N - 7 scrolls of fear
 S - 2 scrolls of silence
 U - 4 scrolls of blinking
 V - 2 scrolls of summoning
Potions
 c - 3 potions of ambrosia
 d - 10 potions of brilliance
 f - 3 potions of invisibility
 h - 2 potions of might
 k - 4 potions of mutation
 n - 4 potions of heal wounds
 o - 7 potions of curing
 q - 4 potions of haste
 w - 6 potions of berserk rage
 z - 4 potions of lignification
 E - a potion of cancellation {unknown}
 F - 4 potions of resistance
 I - 4 potions of attraction
 P - a potion of magic
Miscellaneous
 J - a condenser vane


   Skills:
 - Level 20.0 Fighting
 - Level 3.6 Axes
 + Level 18.7 Staves
 - Level 14.0 Armour
 - Level 12.0 Dodging
 - Level 1.5 Stealth
 - Level 17.0 Invocations


You had 16 spell levels left.
You didn't know any spells.
Your spell library contained the following spells:

 Spells                   Type           Power      Damage    Failure   Level
 Magic Dart               Conj           0%         1d3       91%         1
 Slow                     Hex            0%         N/A       91%         1
 Call Imp                 Summ           0%         N/A       97%         2
 Poisonous Vapours        Pois/Air       0%         N/A       97%         2
 Scorch                   Fire           0%         2d5       97%         2
 Confusing Touch          Hex            0%         N/A       100%        3
 Gell's Gravitas          Tloc           0%         N/A       100%        3
 Mephitic Cloud           Conj/Pois/Air  0%         N/A       100%        3
 Ozocubu's Armour         Ice            0%         N/A       100%        3
 Teleport Other           Tloc           0%         N/A       100%        3
 Vampiric Draining        Necr           0%         2d6       100%        3
 Animate Armour           Summ/Erth      0%         N/A       100%        4
 Corpse Rot               Necr/Pois/Air  0%         N/A       100%        4
 Dispel Undead            Necr           0%         3d6       100%        4
 Flame Wave               Conj/Fire      0%         2d4       100%        4
 Hailstorm                Conj/Ice       0%         3d3       100%        4
 Ice Form                 Ice/Tmut       0%         N/A       100%        4
 Blade Hands              Tmut           0%         N/A       100%        5
 Freezing Cloud           Conj/Ice/Air   0%         6-21      100%        5
 Lightning Bolt           Conj/Air       0%         1d11      100%        5
 Metabolic Englaciation   Hex/Ice        0%         N/A       100%        5
 Death Channel            Necr           0%         N/A       100%        6
 Dispersal                Tloc           0%         N/A       100%        6
 Iron Shot                Conj/Erth      0%         9d1       100%        6
 Simulacrum               Ice/Necr       0%         N/A       100%        6
 Summon Cactus Giant      Summ           0%         N/A       100%        6
 Borgnjor's Revivificati  Necr           0%         N/A       100%        8
 Necromutation            Tmut/Necr      0%         N/A       100%        8
 Death's Door             Necr           0%         N/A       100%        9


Dungeon Overview and Level Annotations

Branches:
Dungeon (15/15)            Temple (1/1) D:5            Lair (5/5) D:11
 Shoals (0/4) Lair:3        Snake (4/4) Lair:2        Slime (0/5) Lair:5
    Orc (2/2) D:11            Elf (0/3) Orc:2        Vaults (0/5) D:13
 Depths (0/4) D:15          IceCv (visited)

Altars:
Ashenzari
Cheibriados
Dithmenos
Elyvilon
Fedhas
Gozag
Hepliaklqana
Kikubaaqudgha
Makhleb
Nemelex Xobeh
Okawaru
Qazlal
Ru
Sif Muna
Trog
Uskayaw
Vehumet
Wu Jian
Xom
Yredelemnul
Zin
The Shining One
Jiyva
Lugonu

Shops:
D:1 :   Orc:2 [[[:   Snake:1 ?=*

Portals:
Trove: D:11 (give horn of Geryon)

Annotations:
Orc:2 corrupted
Abyss:1 Bai Suzhen, Louise, Saint Roka


Innate Abilities, Weirdness & Mutations

You have a pair of horns on your head.
You reflexively headbutt those who attack you in melee.


Message History

You are engulfed in flames!
You resist.
* * * LOW HITPOINT WARNING * * *
The salamander mystic attacks as you move away!
The salamander mystic hits you but does no damage.
The naga warrior barely misses you. The naga warrior grabs you.
The naga warrior constricts you.
* * * LOW HITPOINT WARNING * * *
Things that are here:
a +0 glaive; a +0 robe; a naga corpse The naga warrior's grasp on you weakens, but your attempt to escape fails.
The salamander closely misses you.
The naga warrior hits you with a +0 war axe!!
* * * LOW HITPOINT WARNING * * *
The naga warrior constricts you.
The salamander hits you from afar with a +0 trident.
* * * LOW HITPOINT WARNING * * *
You are engulfed in flames.
You resist.
* * * LOW HITPOINT WARNING * * *
The naga warrior spits poison at you. The splash of poison misses you.
The naga warrior constricts you.
* * * LOW HITPOINT WARNING * * *
The salamander hits you but does no damage.
Okay, then.
Space bends violently around you!
You escape the naga warrior's grasp.
You blink.
A nagaraja and a salamander tyrant come into view.
The nagaraja shouts!
The guardian serpent shouts!
The guardian serpent coils itself and waves its upper body at you.
The nagaraja blinks!
The salamander blinks!
The salamander tyrant blinks!
The salamander mystic gestures at the salamander while chanting.
The salamander seems to speed up.
Space bends violently around you!
You blink.
The salamander tyrant calls gouts of flame from the lava!
The flame surge hits you. You resist.
* * * LOW HITPOINT WARNING * * *
The guardian serpent coils itself and waves its upper body at you.
The nagaraja blinks!
The salamander tyrant blinks!
The salamander blinks! x2
Space bends violently around you!
You blink.
The salamander hits you from afar with a +0 trident!
You die...

#..# #.# #.# #.# ##.#### #
#..# #.# #.# #.# #)# # #..#
#.# #.# #.# #.# # #..# #.#
#.###)# #.# #..# #.# #.#N..#
###.###### #..# #.# ##.#N#)#
#......... # #..# #.#
#..N.N## #.######## #####..#
#.# ##)†'## #.# # .......#
#.###.@)..####.# #
#####..######...≈≈≈...##.# #
#####......#.#N§§§§..#.#.# #
...##..#####,#§.≈≈≈..#,#.# #
##.##..# #.#..≈≈≈..#,#.# #
##.##..#
*#.NSN§≈...##.########
##.##..#
###§N...####.........
.......#
*****##N#'##**##########
######.#**,**,,.....,,**,***
#


You could see a nagaraja, 2 naga warriors, a salamander tyrant, a salamander
mystic, 3 salamanders and a guardian serpent.

Vanquished Creatures
  Agnes (D:14)
  Aizul (Snake:4)
  A stone giant (D:15)
  Snorg (D:11)
  The ghost of Plasmagod the Severer, a journeyman HOFi of Dithmenos (Orc:1)
  A boulder beetle (D:14)
  3 vault guards (D:13)
  Harold (D:10)
  6 centaur warriors
  Erica (D:9)
  An ice dragon (Lair:5)
  2 salamander tyrants (Snake:4)
  8 hydras
  7 anacondas
  12 naga warriors
  13 death yaks
  A tengu warrior (D:14)
  5 orc high priests
  4 naga sharpshooters
  3 two-headed ogres
  10 shock serpents
  8 skeletal warriors (D:15)
  2 fire crabs (Lair:4)
  2 salamander mystics
  6 naga ritualists
  A swamp dragon (Lair:5)
  Pikel (D:6)
  A wizard (D:13)
  2 lindwurms
  4 orc knights
  2 necromancers (D:13)
  A deep elf pyromancer (D:14)
  10 mana vipers
  3 orc sorcerers (Orc:1)
  7 ugly things
  11 salamanders
  4 cyclopes
  5 oklob plants
  5 manticores
  11 naga magi
  35 black mambas
  9 elephants
  9 torpor snails
  2 gargoyles (D:12)
  2 guardian serpents
  17 cane toads
  13 rime drakes
  12 komodo dragons
  Psyche (D:9)
  A demonic crawler (Lair:4)
  A freezing wraith (D:14)
  A yaktaur (D:15)
  2 kobold demonologists
  6 trolls
  10 polar bears
  3 meliai (D:15)
  A wind drake (Lair:3)
  8 hornets (Lair:5)
  4 tyrant leeches (Lair:5)
  Prince Ribbit (D:6)
  6 slime creatures
  6 blink frogs (Lair:4)
  2 centaur simulacra (D:12)
  A vampire (D:13)
  2 wraiths
  4 wyverns
  9 basilisks
  47 yaks
  19 humans (D:13)
  3 steam dragons
  Grum (D:10)
  6 vampire mosquitoes
  Menkaure (D:4)
  3 swamp worms (Lair:4)
  8 wargs
  43 nagas
  3 acid dragons
  15 water moccasins
  52 orc warriors
  Duvessa (D:4)
  2 swamp drakes (Lair:5)
  2 sky beasts (D:7)
  A meliai simulacrum (D:12)
  4 black bears
  8 ice beasts
  6 ogres
  20 centaurs
  18 wolves
  3 phantoms
  6 kobold brigands
  2 lemures (D:6)
  13 bullfrogs
  Blork the orc (D:4)
  4 necrophages
  2 scorpions
  3 gnoll sergeants
  4 wights (D:9)
  Dowan (D:4)
  11 killer bees
  4 howler monkeys
  2 electric eels
  2 jellies
  2 hounds (D:5)
  27 orc priests
  2 gnoll boudas
  Ijyb (D:4)
  9 iguanas
  26 orc wizards
  A boggart simulacrum (D:12)
  14 adders
  21 gnolls
  2 shadow imps (D:7)
  9 white imps
  6 ufetubi
  3 dart slugs
  78 orcs
  6 bats
  4 endoplasms
  A giant cockroach (D:4)
  8 goblins
  5 hobgoblins
  4 jackals
  2 quokkas (D:1)
  3 ball pythons
  5 frilled lizards
  A goblin zombie (D:7)
  28 kobolds
  A kobold zombie (D:7)
  3 orc skeletons (D:7)
  5 orc zombies (D:7)
  5 rats
  A bush (Lair:4)
941 creatures vanquished.

Vanquished Creatures (others)
  An orc high priest (Orc:2)
  3 orc knights (Orc:2)
  An ice statue (IceCv)
  11 orc warriors (Orc:2)
  15 orc priests (Orc:2)
  10 orcs (Orc:2)
  29 fungi
  102 plants
172 creatures vanquished.

Grand Total: 1113 creatures vanquished

Notes
Turn   | Place    | Note
-------+----------+-------------------------------------------
     0 | D:1      | Plasmagod the Minotaur Monk began the quest for the Orb.
     0 | D:1      | Reached XP level 1. HP: 19/19 MP: 0/0
   253 | D:1      | Reached skill level 4 in Fighting
   401 | D:1      | Reached XP level 2. HP: 28/28 MP: 1/1
   448 | D:1      | Found Ijelies's Book Emporium.
   612 | D:1      | Reached skill level 5 in Fighting
  1039 | D:2      | Reached XP level 3. HP: 35/36 MP: 2/2
  1146 | D:2      | Identified the +7 quarterstaff "Poyjuy" {spect, Str+4
                  | Stlth-}
  1607 | D:2      | Reached XP level 4. HP: 42/44 MP: 3/3
  1751 | D:3      | Reached skill level 6 in Fighting
  1954 | D:3      | Found a radiant altar of Vehumet.
  2028 | D:3      | Reached skill level 7 in Fighting
  2028 | D:3      | Reached XP level 5. HP: 51/52 MP: 4/4
  2196 | D:3      | Found a faded altar of an unknown god.
  2210 | D:3      | Prayed at the altar of an unknown god.
  2210 | D:3      | Became a worshipper of Lugonu the Unformed
  2210 | D:3      | Reached * piety under Lugonu
  2210 | D:3      | Reached ** piety under Lugonu
  2210 | D:3      | Reached *** piety under Lugonu
  2797 | D:4      | Noticed Duvessa
  2799 | D:4      | Noticed Dowan
  2801 | D:4      | Killed Duvessa
  2802 | D:4      | Reached skill level 8 in Fighting
  2802 | D:4      | Reached XP level 6. HP: 58/62 MP: 5/5
  2803 | D:4      | Killed Dowan
  2881 | D:4      | Noticed Menkaure
  2892 | D:4      | Killed Menkaure
  2893 | D:4      | Reached skill level 9 in Fighting
  3012 | D:4      | Reached **** piety under Lugonu
  3052 | D:4      | Found a white marble altar of Elyvilon.
  3178 | D:4      | Noticed Ijyb
  3181 | D:4      | Noticed Blork the orc
  3184 | D:4      | Killed Ijyb
  3185 | D:4      | Reached XP level 7. HP: 69/71 MP: 6/6
  3186 | D:4      | Killed Blork the orc
  3187 | D:4      | Reached skill level 10 in Fighting
  3622 | D:5      | Entered Level 5 of the Dungeon
  3627 | D:5      | Reached skill level 11 in Fighting
  3706 | D:5      | Noticed a wraith
  3718 | D:4      | Killed a wraith
  3719 | D:4      | Reached XP level 8. HP: 78/83 MP: 7/7
  3753 | D:5      | Found a shadowy altar of Dithmenos.
  3764 | D:5      | Reached skill level 12 in Fighting
  3764 | D:5      | Reached skill level 1 in Staves
  4023 | D:5      | Found a staircase to the Ecumenical Temple.
  4027 | D:5      | Found a broken altar of Ashenzari.
  4176 | D:5      | Found a stormy altar of Qazlal.
  4501 | Temple   | Entered the Ecumenical Temple
  4801 | D:6      | Reached skill level 5 in Staves
  5076 | D:6      | Reached XP level 9. HP: 88/90 MP: 8/8
  5131 | D:6      | Noticed Pikel
  5142 | D:6      | Killed Pikel
  5215 | D:6      | Found an ornate altar of the Wu Jian Council.
  5239 | D:6      | Noticed Prince Ribbit
  5245 | D:6      | Killed Prince Ribbit
  5246 | D:6      | Reached skill level 10 in Staves
  5457 | D:7      | Reached ***** piety under Lugonu
  5628 | D:7      | Identified the +4 spear "Girewots" {drain, rN+}
  5685 | D:7      | Found a glowing golden altar of the Shining One.
  5811 | D:7      | Reached XP level 10. HP: 92/97 MP: 9/9
  6078 | D:8      | Noticed a cyclops
  6095 | D:8      | Killed a cyclops
  6216 | D:8      | Reached skill level 1 in Invocations
  6331 | D:8      | Found a snail-covered altar of Cheibriados.
  6331 | D:8      | Found a sparkling altar of Nemelex Xobeh.
  6845 | D:9      | Noticed a two-headed ogre
  6850 | D:9      | Killed a two-headed ogre
  6851 | D:9      | Reached skill level 5 in Invocations
  7069 | D:9      | Reached ****** piety under Lugonu
  7110 | D:9      | Noticed Erica
  7118 | D:9      | Killed Erica
  7119 | D:9      | Reached XP level 11. HP: 88/104 MP: 15/15
  7168 | D:9      | Noticed Psyche
  7169 | D:9      | Noticed a deep elf pyromancer
  7172 | D:9      | Killed Psyche
  7173 | D:9      | Banished a deep elf pyromancer
  7630 | D:9      | Found a hazy altar of Hepliaklqana.
  7677 | D:10     | Entered Level 10 of the Dungeon
  7772 | D:10     | Noticed Harold
  7781 | D:10     | Killed Harold
  7863 | D:10     | Found a shimmering altar of Xom.
  7920 | D:10     | Noticed Grum
  7928 | D:10     | Killed Grum
  7936 | D:10     | Reached skill level 10 in Invocations
  8093 | D:10     | Noticed a two-headed ogre
  8098 | D:10     | Killed a two-headed ogre
  8485 | D:11     | Found a portal to a secret trove of treasure.
  8585 | D:11     | Found a staircase to the Orcish Mines.
  8753 | D:11     | Noticed a brown ugly thing
  8759 | D:11     | Killed a brown ugly thing
  8960 | D:11     | Noticed an oklob plant
  8983 | D:11     | Found a staircase to the Lair.
  8983 | D:11     | Noticed an oklob plant
  9004 | D:11     | Killed an oklob plant
  9009 | D:11     | Killed an oklob plant
  9021 | D:11     | Noticed Snorg
  9027 | D:11     | Killed Snorg
  9335 | D:11     | Reached XP level 12. HP: 82/112 MP: 20/20
  9597 | D:12     | Found a frozen archway.
  9599 | D:12     | Noticed a boulder beetle
  9604 | D:12     | Banished a boulder beetle
  9638 | IceCv    | Entered an ice cave
  9660 | IceCv    | Noticed a death yak
  9661 | IceCv    | Noticed a death yak
  9677 | IceCv    | Killed a death yak
  9685 | IceCv    | Killed a death yak
  9739 | IceCv    | Noticed a death yak
  9740 | IceCv    | Noticed a death yak
  9740 | IceCv    | Noticed a death yak
  9748 | IceCv    | Killed a death yak
  9753 | IceCv    | Killed a death yak
  9761 | IceCv    | Killed a death yak
 10035 | IceCv    | Corrupted IceCv
 10035 | IceCv    | Noticed a cacodemon
 10036 | IceCv    | Noticed a great orb of eyes
 10094 | IceCv    | Reached skill level 15 in Invocations
 10192 | IceCv    | Noticed a death yak
 10196 | IceCv    | Noticed a death yak
 10205 | IceCv    | Killed a death yak
 10210 | IceCv    | Killed a death yak
 10283 | IceCv    | Noticed a death yak
 10283 | IceCv    | Noticed a frost giant
 10294 | IceCv    | Banished a frost giant
 10297 | IceCv    | Killed a death yak
 10299 | IceCv    | Reached XP level 13. HP: 106/118 MP: 18/24
 10655 | D:12     | You fall into a shaft and drop 3 floors!
 10655 | D:15     | Entered Level 15 of the Dungeon
 10787 | D:15     | Found a staircase to the Depths.
 10787 | D:15     | Noticed a stone giant
 10828 | D:15     | Noticed Agnes
 11211 | D:14     | Reached skill level 13 in Fighting
 11875 | D:13     | Reached skill level 14 in Fighting
 12483 | D:12     | Reached skill level 15 in Fighting
 12758 | Lair:1   | Entered Level 1 of the Lair of Beasts
 13552 | Lair:2   | Reached skill level 16 in Fighting
 13589 | Lair:2   | Reached XP level 14. HP: 137/137 MP: 25/25
 13618 | Lair:2   | Found a staircase to the Snake Pit.
 14321 | Lair:3   | Reached skill level 17 in Fighting
 14451 | Lair:3   | Found a staircase to the Shoals.
 14504 | Lair:3   | Found a hazy altar of Hepliaklqana.
 14667 | Lair:3   | Identified the +2 ring mail of the Equator {Rampage}
 15218 | Lair:4   | Reached skill level 18 in Fighting
 15422 | Lair:4   | You fall into a shaft and drop 1 floor!
 15422 | Lair:5   | Entered Level 5 of the Lair of Beasts
 15654 | Lair:5   | Reached skill level 19 in Fighting
 15675 | Lair:5   | Found a runed translucent door.
 15859 | Lair:5   | Got the Secrets of Shocking Excavation
 16147 | Lair:5   | Reached skill level 20 in Fighting
 16150 | Lair:5   | Reached skill level 1 in Armour
 16224 | Lair:5   | Found a viscous altar of Jiyva.
 16225 | Lair:5   | Found a staircase to the Slime Pits.
 16428 | Lair:5   | Reached XP level 15. HP: 148/155 MP: 26/26
 16463 | Lair:5   | Reached skill level 5 in Armour
 16745 | Lair:5   | Identified the +5 great mace "Otut" {vorpal, Stlth+}
 17357 | Lair:4   | Found a blossoming altar of Fedhas.
 18273 | Orc:1    | Entered Level 1 of the Orcish Mines
 18284 | Orc:1    | Reached skill level 10 in Armour
 18674 | Orc:1    | Noticed Plasmagod's ghost (journeyman HOFi)
 18675 | Orc:1    | Found a transporter.
 18679 | Orc:1    | Found a transporter.
 18844 | Orc:1    | Noticed an orc warlord
 18875 | Orc:1    | Banished an orc warlord
 19242 | Orc:2    | Entered Level 2 of the Orcish Mines
 19242 | Orc:2    | Found a staircase to the Elven Halls.
 19367 | Orc:2    | Noticed an orc warlord
 19371 | Orc:2    | Banished an orc warlord
 19647 | Orc:2    | Corrupted Orc:2
 19647 | Orc:2    | Noticed a tentacled monstrosity
 19647 | Orc:2    | Noticed a lich
 19659 | Orc:2    | Noticed a red draconian scorcher
 19930 | Orc:2    | Found Jezipn's Book Boutique.
 19930 | Orc:2    | Found Vusmaimu's Antique Armour Boutique.
 19931 | Orc:2    | Found Maawupli's Antique Armour Shop.
 19931 | Orc:2    | Found Haetz's Armour Boutique.
 19945 | Orc:2    | Bought the +2 hat of the Bear Spirit {Spirit, *Rage Will++}
                  | for 698 gold pieces
 19945 | Orc:2    | Found the +2 hat of the Bear Spirit {Spirit, *Rage Will++}
 20265 | Orc:1    | Killed Plasmagod's ghost
 20454 | D:13     | Found a gate to the Vaults.
 20872 | D:14     | Killed Agnes
 20885 | D:14     | Identified a +8 lajatang of distortion (a +6 antimagic
                  | lajatang corrupted by Lugonu)
 20885 | D:14     | Received a gift from Lugonu
 21002 | D:15     | Reached skill level 5 in Dodging
 21002 | D:15     | Reached XP level 16. HP: 149/162 MP: 24/27
 21266 | D:15     | Identified the +1 leather armour of Apathy {Rampage rF-
                  | Str+4 Stlth+}
 21454 | D:15     | Found an iron altar of Okawaru.
 21659 | D:15     | Identified a scroll of acquirement
 21683 | D:15     | Acquired the ring "Fiogibru" {rElec rPois MP+9 Dex-2}
 21905 | Orc:2    | Bought a shiny chain mail for 210 gold pieces
 22197 | D:15     | Identified the +3 flail of Defiance {elec, Fly Str+4}
 22468 | Orc:2    | Bought a scarf of shadows for 120 gold pieces
 22663 | Snake:1  | Entered Level 1 of the Snake Pit
 22917 | Snake:1  | You fall into a shaft and drop 1 floor!
 22917 | Snake:2  | Noticed Saint Roka
 22939 | Snake:2  | Banished Saint Roka
 22948 | Snake:2  | Reached skill level 10 in Dodging
 24370 | Snake:2  | Reached skill level 15 in Staves
 24846 | Snake:1  | Found Tetheceppy's Magic Scroll Boutique.
 24846 | Snake:1  | Found Amnopalo's Jewellery Shop.
 24849 | Snake:1  | Found Cemeatil's Assorted Antiques.
 24853 | Snake:1  | Bought a scroll of blinking for 112 gold pieces
 24853 | Snake:1  | Bought a scroll of blinking for 112 gold pieces
 25304 | Snake:1  | Reached XP level 17. HP: 164/170 MP: 27/28
 26803 | Snake:4  | Entered Level 4 of the Snake Pit
 26870 | Snake:4  | Noticed Aizul
 26872 | Snake:4  | Noticed Bai Suzhen
 26877 | Snake:4  | Killed Aizul
 26901 | Snake:4  | Banished Bai Suzhen
 26908 | Snake:4  | Noticed Louise
 26912 | Snake:4  | Banished Louise
 28054 | Snake:4  | Slain by a salamander

Illustrated notes

Levels and vault maps discovered:
D:1:      sevenhm_arrival_forest_fort_small_5, layout_loops_ring, serial_shops,
          shop
D:2:      layout_rooms
D:3:      layout_basic, nicolae_vehumet_radiance,
          hellmonk_ecumenical_altar_pennies_from_heaven
D:4:      layout_loops_cross, nicolae_elyvilon_temple_path, uniq_blork_the_orc,
          uniq_menkaure, uniq_ijyb, uniq_duvessa
D:5:      layout_cave_pools, mainiacjoe_overflow_six_doors_small,
          mainiacjoe_overflow_tiny_flanked, nicolae_dithmenos_shadow_blocks,
          minmay_temple_entry_grid, minivault_26, hangedman_decor_diamond_cutter
D:6:      layout_basic, mainiacjoe_overflow_24_doors, uniq_prince_ribbit1,
          uniq_pikel
D:7:      minmay_clustersquares, layout_cave_pools,
          nicolae_tso_besieged_by_evil, nrook_mini_vaults
D:8:      layout_loops_ring, nicolae_overflow_two_pavilions
D:9:      layout_loops_ring, nicolae_hepliaklqana_hippocampus, minmay_librarian,
          uniq_psyche, uniq_erica
D:10:     layout_irregular_city, general_overflow_altar, nicolae_sextant,
          uniq_grum, uniq_harold
D:11:     layout_stronghold, dpeg_oklobed_lair, david_orc_1_choice,
          enter_trove_2, uniq_snorg
D:12:     layout_roguey, serial_ice, serial_ice_b, serial_ice_g, serial_ice_k,
          serial_ice_o, serial_ice_e, serial_ice_h, serial_ice_d, serial_ice_f,
          serial_ice_m, serial_ice_n, portal_ice_cave_entry_pillars_1
D:13:     layout_basic, grunt_vaults_entry_tiered
D:14:     layout_cave_pools, serial_park_square1 [serial_park_minivault_5x5_4]
D:15:     grunt_enter_depths_giant_problem, layout_stronghold,
          okawaru_metal_pillars_1_2, uniq_agnes
Temple:   minmay_freezing_vapour_temple
Lair:1:   layout_roguey, serial_bayou_pond_a, grunt_megastairs_4
Lair:2:   layout_hall_layers, minmay_snake_entry_guardpost_large, minivault_19,
          minmay_holes, serial_bayou_lake_a
Lair:3:   layout_regular_city, minmay_shoals_entry_beasts, basic_altar,
          cheibrodos_lair_reptile_den
Lair:4:   nzn_winding_woodlands_medium [nzn_winding_woodlands_5x5_open_star,
          nzn_winding_woodlands_5x15_sawtooth,
          nzn_winding_woodlands_5x5_checkerboard,
          nzn_winding_woodlands_hourglass,
          nzn_winding_woodlands_center_pierced_h,
          nzn_winding_woodlands_5x5_default, nzn_winding_woodlands_5x5_three,
          nzn_winding_woodlands_5x15_longhouse,
          nzn_winding_woodlands_5x5_closed_star], layout_small_grid,
          hangedman_tree_tricks, chequers_serial_rivers_room_b,
          small_statue_intersection, minmay_lair_oklob_bushes, worms_lemuel,
          infiniplex_staircase_pool
Lair:5:   wormcave, layout_regular_city, guppyfry_lair_end_dragon,
          slime_entry_1, serial_bayou_pond_a, kennysheep_basilisk_garden
Snake:1:  layout_basic, serial_bayou_shore_b, minmay_shop_star
Snake:2:  layout_layer_cave, lemuel_fruit_tree, uniq_saint_roka
Snake:3:  layout_grid_maze
Snake:4:  grunt_snake_rune_pools, layout_gridlike, uniq_aizul, uniq_bai_suzhen,
          uniq_louise
Orc:1:    layout_diamond_mine, gammafunk_ghost_arena
Orc:2:    st_orc_pillars, layout_diamond_mine, basic_altar

Skill      XL: |  1  2  3  4  5  6  7  8  9 10 11 12 13 14 15 16 17 |
---------------+----------------------------------------------------+-----
Fighting       | 4 5 7 8 9 11 12 16 20 | 20.0
Staves         | 8 12 14 16 18 | 18.7
Invocations    | 7 12 16 17 | 17.0
Armour         | 4 14 | 14.0
Dodging        | 5 12 | 12.0
Axes           | |  3.6
Stealth        | |  1.5

Action                   |  1- 3 |  4- 6 |  7- 9 | 10-12 | 13-15 | 16-18 || total
-------------------------+-------+-------+-------+-------+-------+-------++-------
Melee: Hand axe          |    57 |       |       |       |       |       ||    57
       Headbutt          |     9 |     5 |    26 |    93 |   252 |   118 ||   503
       Quarterstaff      |    10 |    47 |   138 |   366 |   973 |       ||  1534
       Unarmed           |       |       |     5 |       |       |       ||     5
       Lajatang          |       |       |       |       |     4 |   529 ||   533
Invok: Banish            |       |       |       |     4 |     9 |     4 ||    17
       Corrupt           |       |       |       |     1 |     1 |       ||     2
       Bend Space        |       |       |       |       |     3 |     6 ||     9
       Brand Weapon With |       |       |       |       |     1 |       ||     1
Evoke: Condenser vane    |       |       |       |       |     2 |       ||     2
  Use: Scroll            |       |       |    15 |    12 |     3 |     6 ||    36
       Potion            |       |       |       |     1 |     3 |       ||     4
 Stab: Distracted        |     1 |       |       |     4 |    19 |       ||    24
       Sleeping          |       |     1 |       |       |       |       ||     1
       Petrified         |       |       |       |       |     8 |       ||     8
       Petrifying        |       |       |       |       |     3 |       ||     3
Armor: Robe              |    12 |     1 |       |       |       |       ||    13
       Scale mail        |       |       |    38 |    84 |   266 |    28 ||   416
       Chain mail        |       |       |       |       |       |   220 ||   220
Dodge: Dodged            |    42 |    29 |    75 |   182 |   542 |   540 ||  1410

Table legend: (Time is in decaauts)
 A = Elapsed time spent in this place.
 B = Non-inter-level travel time spent in this place.
 C = Inter-level travel time spent in this place.
 D = Time resting spent in this place.
 E = Time spent auto-exploring this place.
 F = Levels seen in this place.
 G = Mean time per level.
                   A        B        C        D        E       F      G
               +--------+--------+--------+--------+--------+-----+--------+
         Total |  27737 |  25903 |   1834 |   2305 |  18639 |  28 |  990.6 |
       Dungeon |  13827 |  12765 |   1062 |    557 |   9956 |  15 |  921.8 |
        Temple |     16 |     16 |      0 |      0 |     10 |   1 |   16.0 |
          Lair |   5375 |   5063 |    312 |    191 |   3981 |   5 | 1075.0 |
     Snake Pit |   5455 |   5341 |    114 |   1242 |   3193 |   4 | 1363.8 |
  Orcish Mines |   2278 |   1934 |    344 |    273 |   1047 |   2 | 1139.0 |
      Ice Cave |    784 |    784 |      0 |     40 |    451 |   1 |  784.0 |
               +--------+--------+--------+--------+--------+-----+--------+

Top non-repeatable levels by time:
 Snake:2: 1715 daAuts
  Lair:5: 1612 daAuts
 Snake:3: 1443 daAuts
    D:13: 1315 daAuts
 Snake:4: 1285 daAuts
    D:11: 1242 daAuts
  Lair:4: 1239 daAuts
   Orc:1: 1234 daAuts
    D:15: 1139 daAuts
     D:3: 1071 daAuts
   Orc:2: 1044 daAuts
     D:1: 1032 daAuts
 Snake:1: 1011 daAuts
  Lair:3: 952 daAuts
  Lair:2: 937 daAuts
